 Dungeon Crawl Stone Soup version 0.21.1-1-g345015f (webtiles) character file.

1334 wojtek the Cleaver (level 8, 0/68 HPs)
             Began as a Minotaur Fighter on June 30, 2018.
             Was a Believer of Okawaru.
             Killed by divine providence
             ... invoked by an orc priest
              (10 damage)
             ... on level 6 of the Dungeon.
             The game lasted 00:07:18 (5343 turns).

wojtek the Cleaver (Minotaur Fighter)               Turns: 5343, Time: 00:07:19

Health: 0/68       AC:  9    Str: 23    XL:     8   Next: 35%
Magic:  9/10       EV:  7    Int:  5    God:    Okawaru [**....]
Gold:   581        SH: 10    Dex: 10    Spells: 7/7 levels left

rFire    . . .     SeeInvis .   a - +0 war axe
rCold    . . .     Gourm    .   c - +0 shield
rNeg     . . .     Faith    .   y - +0 chain mail
rPois    .         Spirit   .   (helmet restricted)
rElec    .         Reflect  .   (no cloak)
rCorr    .         Harm     .   (no gloves)
MR       .....                  (no boots)
Stlth    ..........             (no amulet)
HPRegen  0.21/turn              (no ring)
MPRegen  0.12/turn              (no ring)

@: no status effects
A: retaliatory headbutt, horns 2
a: Heroism, Renounce Religion


You were on level 6 of the Dungeon.
You worshipped Okawaru.
Okawaru was pleased with you.
You were not hungry.

You visited 2 branches of the dungeon, and saw 7 of its levels.
You also visited: Ossuary.

You collected 620 gold pieces.
You spent 39 gold pieces at shops.

Inventory:

Hand Weapons
 a - a +0 war axe (weapon)
Missiles
 w - a throwing net (quivered)
Armour
 c - a +0 shield (worn)
 y - a +0 chain mail (worn)
Jewellery
 x - an uncursed amulet of regeneration {unknown}
Scrolls
 g - a scroll of fog {unknown}
 h - 2 scrolls of immolation {unknown}
 i - 5 scrolls of remove curse
 j - 6 scrolls of identify {unknown}
 l - 2 scrolls of teleportation {unknown}
 m - 3 scrolls of fear {unknown}
 n - a scroll of magic mapping {unknown}
 q - a scroll of amnesia {unknown}
 r - a scroll of enchant armour {unknown}
Potions
 b - a potion of haste {unknown}
 d - 5 potions of might
 e - 2 potions of flight {unknown}
 k - 4 potions of agility
 o - 4 potions of degeneration {unknown}
 s - 7 potions of curing
 t - a potion of ambrosia {unknown}
 v - a potion of brilliance {unknown}
 z - a potion of lignification {unknown}
Books
 p - a book of Misfortune

   Spells                             Type                      Level
   a - Confusing Touch                Hexes                        1
   b - Confuse                        Hexes                        3
   c - Gell's Gravitas                Translocation                3
   d - Petrify                        Transmutation/Earth          4
   e - Metabolic Englaciation         Hexes/Ice                    5
   f - Yara's Violent Unravelling     Hexes/Transmutation          5
 u - a book of Changes

   Spells                             Type                      Level
   a - Beastly Appendage              Transmutation                1
   b - Sticks to Snakes               Transmutation                2
   c - Spider Form                    Transmutation/Poison         3
   d - Ice Form                       Ice/Transmutation            4
   e - Blade Hands                    Transmutation                5
Comestibles
 f - 8 rations


   Skills:
 + Level 5.2 Fighting
 + Level 8.3 Axes
 + Level 5.2 Armour
 + Level 3.2 Dodging
 + Level 5.2 Shields
 * Level 4.0 Invocations


You had 7 spell levels left.
You didn't know any spells.

Dungeon Overview and Level Annotations

Branches:
Dungeon (6/15)             Temple (1/1) D:4

Altars:
Ashenzari
Cheibriados
Dithmenos
Elyvilon
Fedhas
Gozag
Hepliaklqana
Kikubaaqudgha
Makhleb
Nemelex Xobeh
Okawaru
Qazlal
Ru
Sif Muna
Trog
Uskayaw
Vehumet
Wu Jian
Xom
Yredelemnul
Zin

Shops:
D:5 *   D:6 !

Annotations:
D:4 wojtek's ghost, novice MiFi


Innate Abilities, Weirdness & Mutations

You reflexively headbutt those who attack you in melee.
You have a pair of horns on your head.


Message History

* * * LOW HITPOINT WARNING * * *
You block the orc warrior's attack.
You barely miss the orc warrior. You headbutt the orc warrior.
The orc warrior is almost dead.
You block the orc warrior's attack.
You hit the orc warrior but do no damage.
You headbutt the orc warrior.
The orc warrior is almost dead.
You block the orc warrior's attack.
You completely miss the orc warrior. Your headbutt misses the orc warrior.
The orc warrior is almost dead.
The orc warrior completely misses you. You furiously retaliate!
You headbutt the orc warrior!
You kill the orc warrior!
Okawaru accepts your kill.
Your Invocations skill increases to level 4!
You closely miss the orc priest.
The orc priest invokes the aid of Beogh against you.
Beogh smites you!
You die...

#..# #.# #.# . #..#
#.# #.#
#.##..###.#####.##
#................#
####.####.##.###)###.#
###.# #...#...#....#
#...# ###..###.#####
#.### #..# #.# #.#
#..# #@# #.# #. # #o#
#.# #. .o. #.# #.
..#.. #.# ##. .#.
##.######## ## ...#
........... .# #
##.######## .# #.#


You could see an orc priest and an orc.

Vanquished Creatures
  Sigmund (D:6)
  An orc warrior (D:6)
  An ice beast (D:6)
  2 ogres (D:6)
  A bullfrog (D:5)
  2 scorpions
  A howler monkey (D:6)
  4 wights (D:6)
  A hound (D:4)
  2 orc wizards
  An iguana (D:4)
  2 worker ants (D:5)
  8 mummies (Ossuary)
  A hound skeleton (D:5)
  A worker ant zombie (D:5)
  4 gnolls (D:4)
  2 adders
  2 adder skeletons
  3 worms
  2 dart slugs
  11 orcs
  3 giant cockroaches
  8 goblins
  6 hobgoblins
  8 jackals
  A quokka (D:4)
  8 bats
  5 frilled lizards
  3 gnoll zombies (Ossuary)
  2 hobgoblin zombies (Ossuary)
  14 kobolds
  2 kobold zombies (Ossuary)
  An orc zombie (Ossuary)
  4 rats
118 creatures vanquished.

Notes
Turn   | Place    | Note
-------+----------+-------------------------------------------
     0 | D:1      | wojtek the Minotaur Fighter began the quest for the Orb.
     0 | D:1      | Reached XP level 1. HP: 19/19 MP: 0/0
    24 | D:1      | Reached skill level 3 in Axes
    65 | D:1      | Reached XP level 2. HP: 23/26 MP: 1/1
   512 | D:1      | Reached skill level 4 in Axes
   756 | D:2      | Reached XP level 3. HP: 31/31 MP: 2/2
  1010 | D:2      | Reached skill level 5 in Axes
  1382 | D:3      | Reached XP level 4. HP: 37/39 MP: 3/3
  1774 | D:4      | Found a sand-covered staircase.
  1783 | Ossuary  | Entered an ossuary
  1867 | Ossuary  | Reached skill level 6 in Axes
  2134 | Ossuary  | Reached XP level 5. HP: 45/45 MP: 4/4
  2685 | D:4      | Found a white marble altar of Elyvilon.
  2729 | D:4      | Reached skill level 7 in Axes
  2839 | D:4      | Found a staircase to the Ecumenical Temple.
  2877 | D:4      | Reached XP level 6. HP: 39/52 MP: 5/5
  2884 | Temple   | Entered the Ecumenical Temple
  3121 | Temple   | Became a worshipper of Warmaster Okawaru
  3148 | D:4      | Noticed wojtek's ghost (novice MiFi)
  3578 | D:5      | Entered Level 5 of the Dungeon
  3735 | D:5      | Reached skill level 1 in Dodging
  3910 | D:5      | Reached skill level 1 in Invocations
  4061 | D:5      | Found Retyliurro's Assorted Antiques.
  4205 | D:5      | Reached * piety under Okawaru
  4407 | D:4      | Reached XP level 7. HP: 57/59 MP: 7/7
  4953 | D:6      | Found Sixkelo's Distillery.
  4967 | D:6      | Bought a potion of curing for 39 gold pieces
  5023 | D:6      | Reached skill level 8 in Axes
  5152 | D:6      | Noticed Sigmund
  5161 | D:6      | Killed Sigmund
  5161 | D:6      | Reached ** piety under Okawaru
  5161 | D:6      | Reached XP level 8. HP: 58/67 MP: 9/9
  5164 | D:6      | Reached skill level 5 in Fighting
  5164 | D:6      | Reached skill level 5 in Armour
  5164 | D:6      | Reached skill level 5 in Shields
  5343 | D:6      | Killed from afar by an orc priest

Skill      XL: |  1  2  3  4  5  6  7  8 |
---------------+-------------------------+-----
Axes           | 3 4 5 6 7 8 |  8.3
Dodging        | 1 2 3 |  3.2
Fighting       | 4 5 |  5.2
Armour         | 4 5 |  5.2
Shields        | 4 5 |  5.2
Invocations    | 1 3 4 |  4.0

Action                   |  1- 3 |  4- 6 |  7- 9 || total
-------------------------+-------+-------+-------++-------
Melee: War axe           |   114 |   142 |    94 ||   350
       Headbutt          |    15 |    26 |    20 ||    61
  Use: Scroll            |       |     1 |       ||     1
  Eat: Chunk             |     2 |     6 |     3 ||    11
       Ration            |       |     1 |       ||     1
Armor: Scale mail        |    63 |    25 |       ||    88
       Chain mail        |       |    23 |    25 ||    48
Dodge: Dodged            |    36 |    32 |    20 ||    88
Block: Shield            |    69 |    57 |    34 ||   160
